AoeStats
← AiM | mc_cario

Lombardia

509528869Analyzed
3v3 RM · 6d ago on Sep 27, 2026· 51m 15s· 6 players
Game mode
Random Map
Map size
Normal (6 player)
Population
200
Speed
Normal
Resources
Standard
Victory
Conquest
Starting age
Dark Age
Ending age
Imperial Age
RankedLock teamsTeams togetherTeam positionsShared explorationLock speedFull tech treeHidden civsTurbo modeCheats
Victory
Defeat
🇺🇸 Hindustanis · United States
1522
+18
🇨🇴 Malay · Colombia
1407
+22
🇨🇱 Mongols · Chile
1387
+22
🇨🇱 Turks · Chile
1679
-26
🇨🇱 Saxons · Chile
1558
-21
🇨🇱 Teutons · Chile
1405
-15
war pigs
8:11 Feudal Age
9:16 Double-Bit Axe
10:03 Horse Collar
11:37 Loom
16:13 Wheelbarrow
20:39 Castle Age
18:53 Gold Mining
21:46 Bow Saw
30:35 Imperial Age
28:56 Hand Cart
29:42 Gold Shaft Mining
28:59 Stone Mining
29:27 Fletching
30:42 Bodkin Arrow
31:27 Husbandry
31:30 Bracer
32:24 Ballistics
33:45 Bloodlines
34:41 Chemistry
34:24 Padded Archer Armor
37:06 Leather Archer Armor
37:29 Elite Mangudai
38:37 Drill
40:53 Conscription
41:12 Capped Ram
43:45 Siege Ram
47:51 Thumb Ring
49:36 Parthian Tactics
Freakcles
6:24 Loom
8:55 Feudal Age
18:12 Forging
19:43 Horse Collar
19:51 Double-Bit Axe
21:08 Scale Barding Armor
24:54 Castle Age
23:28 Gold Mining
27:26 Husbandry
30:39 Bloodlines
35:02 Chain Barding Armor
41:10 Iron Casting
42:46 Wheelbarrow
43:35 Bow Saw
46:35 Imperial Age
45:14 Hand Cart
45:02 Heavy Plow
46:19 Light Cavalry
48:10 Plate Barding Armor
47:07 Heavy Camel Rider
JairoElChigüi
3:18 Loom
6:54 Loom
9:50 Feudal Age
9:30 Double-Bit Axe
12:09 Horse Collar
13:46 Forging
16:48 Scale Barding Armor
22:10 Castle Age
21:25 Wheelbarrow
21:11 Gold Mining
21:11 Stone Mining
22:24 Iron Casting
22:10 Bow Saw
23:30 Heavy Plow
24:02 Hand Cart
24:37 Sanctity
26:35 Iron Casting
26:33 Town Watch
31:05 Gold Shaft Mining
31:06 Stone Shaft Mining
31:30 Fletching
34:07 Husbandry
36:45 Imperial Age
35:38 Stone Shaft Mining
35:35 Bodkin Arrow
36:46 Crop Rotation
37:40 Blast Furnace
37:06 Conscription
37:01 Elite Battle Elephant
38:56 Bracer
39:18 Ballistics
39:22 Murder Holes
40:59 Coinage
41:19 Town Patrol
41:22 Forced Levy
42:36 Banking
47:22 Chemistry
46:31 Siege Engineers
47:34 Arson
47:50 Squires
47:10 Man-at-Arms
49:24 Masonry
48:54 Treadmill Crane
50:02 Guilds
49:52 Caravan
49:29 Long Swordsman
50:11 Two-Handed Swordsman
NPG | Joako
6:03 Loom
8:34 Feudal Age
9:45 Double-Bit Axe
14:07 Town Watch
19:43 Castle Age
18:47 Fletching
19:30 Bloodlines
20:23 Husbandry
22:20 Bodkin Arrow
31:31 Ballistics
32:19 Bow Saw
35:43 Wheelbarrow
34:55 Horse Collar
38:14 Imperial Age
35:52 Stone Mining
35:53 Gold Mining
37:34 Padded Archer Armor
38:36 Thumb Ring
38:57 Bracer
38:22 Heavy Cavalry Archer
40:19 Gold Shaft Mining
40:07 Fortified Wall
41:36 Leather Archer Armor
41:48 Parthian Tactics
42:32 Sipahi
44:08 Ring Archer Armor
43:45 Scale Barding Armor
46:45 Chain Barding Armor
46:35 Forging
48:01 Plate Barding Armor
49:18 Iron Casting
50:13 Caravan
51:46 Blast Furnace
51:20 Conscription
AiM | mc_cario
7:02 Loom
9:23 Feudal Age
10:28 Double-Bit Axe
11:50 Horse Collar
19:59 Castle Age
19:28 Bloodlines
20:28 Scale Barding Armor
22:02 Gold Mining
28:41 Wheelbarrow
31:39 Chain Barding Armor
32:25 Hand Cart
33:10 Forging
38:42 Imperial Age
37:42 Fletching
38:13 Bow Saw
38:06 Heavy Plow
38:02 Town Watch
39:08 Stone Mining
40:14 Plate Barding Armor
39:30 Cavalier
41:16 Stone Shaft Mining
42:29 Iron Casting
46:14 Blast Furnace
46:54 Paladin
47:57 Bodkin Arrow
QNA_Basualt
6:27 Loom
9:16 Feudal Age
10:04 Double-Bit Axe
10:13 Double-Bit Axe
11:42 Horse Collar
15:51 Forging
19:16 Wheelbarrow
22:18 Castle Age
20:28 Gold Mining
21:46 Fletching
22:07 Bloodlines
23:22 Bodkin Arrow
23:28 Husbandry
24:37 Bow Saw
25:43 Padded Archer Armor
27:53 Ballistics
28:30 Thumb Ring
31:20 Hand Cart
30:50 Town Watch
36:04 Imperial Age
34:45 Leather Archer Armor
36:50 Bracer
36:28 Cranequins
38:16 Chemistry
37:19 Heavy Mounted Crossbowman
39:15 Ring Archer Armor
40:39 Conscription
42:26 Iron Casting
41:52 Scale Mail Armor
41:56 Shield Wall
42:15 Pikeman
42:56 Squires
42:42 Gambesons
42:42 Arson
42:53 Halberdier
46:41 Chain Mail Armor
48:25 Plate Mail Armor
48:18 Heavy Plow
Connection lost

Rejoining the realm…

Still unreachable

The connection could not be restored.

Session expired

The server has moved on; the page needs a fresh start.